 Dungeon Crawl Stone Soup version 0.28-a0-1184-g53156a8862 (webtiles) character file.

Game seed: 14418820390415147244

959 fragbeetle the Ruffian (level 7, 0/52 HPs)
             Began as a Red Draconian Transmuter on Dec 17, 2021.
             Succumbed to a scorpion's poison
             ... on level 6 of the Dungeon.
             The game lasted 00:15:29 (6337 turns).

fragbeetle the Ruffian (Red Draconian Transmuter)   Turns: 6337, Time: 00:15:30

Health: 0/52       AC:  2    Str: 14    XL:     7   Next: 92%
Magic:  0/10       EV: 19    Int: 14    God:
Gold:   229        SH:  0    Dex: 16    Spells: 2/10 levels left

rFire   . . .      SeeInvis .     - Unarmed
rCold   . . .      Faith    .   (shield currently unavailable)
rNeg    . . .      Spirit   +   (armour unavailable)
rPois   x          Reflect  .   (helmet currently unavailable)
rElec   .          Harm     .   (cloak currently unavailable)
rCorr   .          Rampage  .   (gloves currently unavailable)
Will    .....                   (boots currently unavailable)
Stlth   +.........              a - amulet of guardian spirit
HPRegen 0.17/turn               (no ring)
MPRegen 0.12/turn               (no ring)

@: lethally poisoned (0 -> -1), spider-form (expiring), very slightly
contaminated
A: venomous fangs, (breathe fire), AC +6, tiny, unfitting armour, (fire
resistance 1), (cold-blooded)
a: End Transformation


You were on level 6 of the Dungeon.
You were a venomous arachnid creature.
You visited 1 branch of the dungeon, and saw 6 of its levels.
You also visited: Sewer.

You collected 229 gold pieces.

Inventory:

Hand Weapons
 w - a +0 hunting sling
Missiles
 d - 94 stones
 p - a throwing net
 x - 11 poisoned darts
 y - 15 sling bullets
Jewellery
 a - an amulet of guardian spirit (around neck)
 n - a ring of resist corrosion
Wands
 m - a wand of digging (6)
Scrolls
 c - a scroll of vulnerability {unknown}
 f - 2 scrolls of enchant weapon {unknown}
 g - 5 scrolls of teleportation {unknown}
 i - a scroll of magic mapping {unknown}
 o - a scroll of noise {unknown}
 q - a scroll of holy word {unknown}
 r - a scroll of blinking {unknown}
 s - 3 scrolls of identify {unknown}
 u - 2 scrolls of fear {unknown}
Potions
 b - a potion of haste {unknown}
 e - 3 potions of brilliance {unknown}
 h - a potion of magic {unknown}
 j - 2 potions of heal wounds {unknown}
 k - a potion of mutation {unknown}
 l - a potion of invisibility {unknown}
 t - a potion of curing {unknown}
 v - a potion of cancellation {unknown}


   Skills:
 - Level 1.1 Fighting
 - Level 1.7 Dodging
 + Level 5.7 Unarmed Combat
 - Level 2.0 Spellcasting
 + Level 5.2 Transmutations
 + Level 2.8 Ice Magic
 + Level 4.2 Poison Magic


You had 2 spell levels left.
You knew the following spells:

 Your Spells              Type           Power      Damage    Failure   Level
a - Beastly Appendage     Tmut           32%        N/A       10%         1
b - Spider Form           Tmut/Pois      14%        N/A       26%         3
c - Ice Form              Ice/Tmut       12%        N/A       63%         4

Your spell library contained the following spells:

 Spells                   Type           Power      Damage    Failure   Level
 Wereblood                Tmut           16%        N/A       13%         2


Dungeon Overview and Level Annotations

Branches:
Dungeon (6/15)              Sewer (visited)
 Temple: D:4-7

Altars:
Okawaru
Zin

Annotations:
D:4 exclusion: downstairs


Innate Abilities, Weirdness & Mutations

You are a venomous arachnid creature.
You have poisonous fangs.
You are tiny and dextrous.
Your spellcasting is less reliable in this form.
Your armour is entirely melded.
You are incapable of wielding weapons or throwing items.
((You can breathe blasts of fire.))
((Your fiery red scales are hard. (AC +6)))
You cannot fit into any form of body armour.
((Your flesh is heat resistant. (rF+)))
((You are cold-blooded and may be slowed by cold attacks.))


Message History

You feel very sick.
The bullfrog zombie completely misses you.
The orc hits you with a +0 whip.
* * * LOW HITPOINT WARNING * * *
You hit the orc.
The orc is lightly wounded.
You feel sick. The bullfrog zombie closely misses you.
The orc hits you with a +0 whip.
* * * LOW HITPOINT WARNING * * *
You bite the orc!
You kill the orc!
You feel sick. The bullfrog zombie hits you.
* * * LOW HITPOINT WARNING * * *
The bullfrog zombie hits you but does no damage.
* * * LOW HITPOINT WARNING * * *
You feel sick.
Things that are here:
a +0 whip; 29 gold pieces You bite the bullfrog zombie!
The bullfrog zombie is moderately damaged.
* * * LOW HITPOINT WARNING * * *
You feel sick. The bullfrog zombie misses you.
You bite the bullfrog zombie!
The bullfrog zombie is heavily damaged.
The bullfrog zombie hits you but does no damage.
You hit the bullfrog zombie.
The bullfrog zombie is severely damaged.
* * * LOW HITPOINT WARNING * * *
You feel sick. The bullfrog zombie barely misses you.
You bite the bullfrog zombie!
The bullfrog zombie is almost destroyed.
Your transformation is almost over.
* * * LOW HITPOINT WARNING * * *
You feel sick.
The bullfrog zombie hits you but does no damage.
The bullfrog zombie hits you.
* * * LOW HITPOINT WARNING * * *
You bite the bullfrog zombie!
You destroy the bullfrog zombie!
You die...

#.##..##.....#
.........##.#.#
##.##..#.##.# #
............###
#.............#
######...#.####
#.....)).......
#.....#....#...
#...s.#)#..#...
##..[.#s...# ..
#....##.#.#
#....# ....
#..... .....
#....#...#...
..........
.....#. #


There were no monsters in sight!

Vanquished Creatures
  A yak (D:6)
  Duvessa (D:4)
  A necrophage (D:4)
  An ogre (D:6)
  A scorpion (D:6)
  Dowan (D:4)
  A water moccasin skeleton (D:5)
  A howler monkey (D:6)
  A bullfrog zombie (D:6)
  A jelly (D:5)
  3 orc wizards
  6 adders
  4 river rats (Sewer)
  2 ufetubi
  An adder zombie (D:5)
  An adder skeleton (D:4)
  6 worms
  3 dart slugs
  18 orcs
  6 bats
  7 endoplasms
  2 giant cockroaches
  5 goblins
  5 hobgoblins
  16 jackals
  2 quokkas
  5 ball pythons
  8 frilled lizards
  2 kobolds
  A quokka skeleton (D:3)
  11 rats
124 creatures vanquished.

Notes
Turn   | Place    | Note
-------+----------+-------------------------------------------
     0 | D:1      | fragbeetle the Draconian Transmuter began the quest for the
                  | Orb.
     0 | D:1      | Reached XP level 1. HP: 16/16 MP: 3/3
   825 | D:1      | Reached XP level 2. HP: 23/23 MP: 3/5
  1194 | D:2      | Reached XP level 3. HP: 28/28 MP: 4/6
  1198 | D:2      | Learned a level 3 spell: Spider Form
  1566 | D:2      | Found an iron altar of Okawaru.
  1940 | D:3      | Found a glowing drain.
  1964 | D:3      | Reached skill level 1 in Poison Magic
  1992 | Sewer    | Entered a sewer
  2004 | Sewer    | Reached XP level 4. HP: 21/35 MP: 4/7
  2423 | Sewer    | Reached XP level 5. HP: 21/40 MP: 3/8
  2832 | D:3      | Learned a level 4 spell: Ice Form
  3050 | D:4      | Found a glowing silver altar of Zin.
  3712 | D:3      | Reached skill level 1 in Ice Magic
  4071 | D:4      | Noticed Duvessa
  4071 | D:4      | Noticed Dowan
  4115 | D:4      | Killed Duvessa
  4116 | D:4      | Reached XP level 6. HP: 29/47 MP: 4/9
  4488 | D:4      | Killed Dowan
  4906 | D:4      | Reached skill level 5 in Unarmed Combat
  4906 | D:4      | Your scales start taking on a fiery red colour.
  4906 | D:4      | Reached XP level 7. HP: 38/52 MP: 3/10
  4906 | D:4      | Gained mutation: Your flesh is heat resistant. (rF+) [Red
                  | Draconian growth]
  5500 | D:5      | Entered Level 5 of the Dungeon
  5509 | D:5      | Noticed a yak
  5509 | D:5      | Noticed a yak
  5509 | D:5      | Noticed a yak
  5510 | D:5      | Noticed a yak
  5510 | D:5      | Noticed a yak
  6016 | D:6      | Killed a yak
  6295 | D:6      | Reached skill level 5 in Transmutations
  6336 | D:6      | HP: 2/52 [poisoned by a scorpion]
  6337 | D:6      | Succumbed to a scorpion's poison

Illustrated notes

Levels and vault maps discovered:
D:1:      mrwooster_arrival_arrow, layout_basic
D:2:      layout_loops_cross, basic_altar
D:3:      layout_basic, cheibrodos_sewer_entry_sluice, kennysheep_generic_room_6
D:4:      layout_layer_cave, zin_academy, uniq_duvessa
D:5:      layout_rooms, serial_shops, nicolae_shop_advertising_works
          [nicolae_subvault_shop_adworks]
D:6:      layout_basic, amethyst_overflow_temple_binary

Skill      XL: |  1  2  3  4  5  6  7 |
---------------+----------------------+-----
Transmutations | 3 4 5 |  5.2
Poison Magic   | 1 2 3 4 |  4.2
Unarmed Combat | 4 5 |  5.7
Ice Magic      | 1 2 |  2.8
Fighting       | |  1.1
Dodging        | |  1.7
Spellcasting   | |  2.0

Action                   |  1- 3 |  4- 6 |  7- 9 || total
-------------------------+-------+-------+-------++-------
Melee: Unarmed           |   109 |   214 |    67 ||   390
       Kick              |    22 |    30 |     8 ||    60
       Tailslap          |    16 |    13 |     4 ||    33
       Headbutt          |    15 |    22 |     3 ||    40
       Punch             |       |     2 |       ||     2
 Cast: Beastly Appendage |    24 |    27 |     2 ||    53
       Spider Form       |       |    11 |     6 ||    17
 Stab: Sleeping          |     1 |     2 |       ||     3
Armor: Skin              |    33 |    46 |    13 ||    92
Dodge: Dodged            |    91 |   126 |    46 ||   263

Table legend: (Time is in decaauts)
 A = Elapsed time spent in this place.
 B = Non-inter-level travel time spent in this place.
 C = Inter-level travel time spent in this place.
 D = Time resting spent in this place.
 E = Time spent auto-exploring this place.
 F = Levels seen in this place.
 G = Mean time per level.
                   A        B        C        D        E       F      G
               +--------+--------+--------+--------+--------+-----+--------+
         Total |   6357 |   6238 |    119 |    850 |   3658 |   7 |  908.1 |
       Dungeon |   5624 |   5505 |    119 |    699 |   3377 |   6 |  937.3 |
         Sewer |    733 |    733 |      0 |    151 |    281 |   1 |  733.0 |
               +--------+--------+--------+--------+--------+-----+--------+

Top non-repeatable levels by time:
     D:4: 2029 daAuts
     D:2: 951 daAuts
     D:3: 942 daAuts
     D:1: 903 daAuts
   Sewer: 733 daAuts
     D:5: 473 daAuts
     D:6: 325 daAuts
